 Dungeon Crawl Stone Soup version 0.29.1-1-gd02db6906a (webtiles) character file.

Game seed: 6741099228875559663

11 quakins the Trooper (level 2, -2/27 HPs)
             Began as a Minotaur Berserker on Sept 30, 2022.
             Was a Follower of Trog.
             Slain by a quokka (4 damage)
             ... on level 1 of the Dungeon.
             The game lasted 00:01:34 (361 turns).

quakins the Trooper (Minotaur Berserker)             Turns: 361, Time: 00:01:35

Health: -2/27      AC:  0    Str: 21    XL:     2   Next: 13%
Magic:  1/1        EV: 12    Int:  4    God:    Trog [*.....]
Gold:   22         SH:  0    Dex:  9    Spells: 1/1 levels left

rFire   . . .      SeeInvis .   a - +0 hand axe
rCold   . . .      Faith    .   (no shield)
rNeg    . . .      Spirit   .   (no body armour)
rPois   .          Reflect  .   (helmet restricted)
rElec   .          Harm     .   (no cloak)
rCorr   .          Rampage  .   (no gloves)
Will    .....                   (no boots)
Stlth   +.........              (no amulet)
HPRegen 0.09/turn               (no ring)
MPRegen 0.07/turn               (no ring)

@: no status effects
A: horns 2, retaliatory headbutt
a: Renounce Religion, Berserk


You were on level 1 of the Dungeon.
You worshipped Trog.
Trog was aware of your devotion.
You visited 1 branch of the dungeon, and saw 1 of its levels.

You collected 22 gold pieces.

Inventory:

Hand Weapons
 a - a +0 hand axe (weapon)
Missiles
 e - 5 stones (quivered)
Armour
 b - a +0 animal skin
 f - a +0 ring mail
Scrolls
 d - a scroll of enchant armour {unknown}
Potions
 c - 2 potions of lignification {unknown}


   Skills:
 + Level 4.0 Fighting
 + Level 4.0 Axes
 + Level 2.5 Armour
 + Level 2.3 Dodging


You had one spell level left.
You didn't know any spells.
Your spell library was empty.

Dungeon Overview and Level Annotations

Branches:
Dungeon (1/15)

Altars:


Innate Abilities, Weirdness & Mutations

You have a pair of horns on your head.
You reflexively headbutt those who attack you in melee.


Message History

You kill the hobgoblin!
Trog accepts your kill.
Your Fighting skill increases to level 4!
You now have 22 gold pieces (gained 9).
Found a stone staircase leading down.
A hobgoblin comes into view.
Found a ring mail.
The hobgoblin barely misses you.
You barely miss the hobgoblin. Your headbutt misses the hobgoblin.
The hobgoblin misses you. The hobgoblin barely misses you.
You hit the hobgoblin.
You kill the hobgoblin!
Trog accepts your kill.
Your Axes skill increases to level 4!
You see here a hobgoblin corpse.
Unknown command.
You see here a hobgoblin corpse.
There's nothing to close nearby.
Found a ring mail.
A quokka comes into view.
Found 2 boomerangs.
You see here a +0 ring mail.
f - a +0 ring mail
Okay, then.
Okay, then.
You start removing your armour.
You continue taking off your +0 animal skin. x3
The quokka bites you.
You continue taking off your +0 animal skin.
The quokka bites you.
* * * LOW HITPOINT WARNING * * *
You finish taking off your +0 animal skin.
You hit the quokka. Your headbutt misses the quokka.
The quokka is almost dead.
The quokka bites you.
* * * LOW HITPOINT WARNING * * *
You barely miss the quokka.
The quokka is almost dead.
The quokka barely misses you. The quokka bites you.
You die...

....... .....#.##
.[#.#.# ..... . ......#
... .# .##.#.##
#.##.#####
.##....#######.........
..†.............# .
..>....########.# ...
#####...........###....(
###########.@r.....#
##########


You could see a quokka.

Vanquished Creatures
  A dart slug (D:1)
  2 hobgoblins (D:1)
  2 kobolds (D:1)
  A quokka (D:1)
  A ball python (D:1)
  A bat (D:1)
  A rat (D:1)
9 creatures vanquished.

Notes
Turn   | Place    | Note
-------+----------+-------------------------------------------
     0 | D:1      | quakins the Minotaur Berserker began the quest for the Orb.
     0 | D:1      | Reached XP level 1. HP: 19/19 MP: 0/0
   310 | D:1      | Reached XP level 2. HP: 11/27 MP: 1/1
   361 | D:1      | Slain by a quokka

Illustrated notes

Levels and vault maps discovered:
D:1:      dpeg_arrival_boxes_within_box, layout_loops_ring,
          chequers_ecumenical_altar_simple

Skill      XL: |  1  2 |
---------------+-------+-----
Fighting       | 4 |  4.0
Axes           | 4 |  4.0
Armour         | |  2.5
Dodging        | |  2.3

Action                   || total
-------------------------++-------
Melee: Hand axe          ||    23
       Headbutt          ||     1
Armor: Animal skin       ||     3
Dodge: Dodged            ||    19
